NYP
EUGENE EMERALDS @ BROOKLYN CYCLONES
07/15/2044
 
TOP OF THE 1ST
Eugene Emeralds batting - Pitching for Brooklyn Cyclones : LHP Mike Capers
Pitching: LHP Mike Capers
Batting: RHB Garrett Granata 0-0: Called Strike
0-1: Fly out, F8 (Flyball, 8LS, EV 82.5 MPH)
Batting: RHB Chris Slama 0-0: Ball
1-0: Called Strike
1-1: Ground out 4-3 (Groundball, 4, EV 76.9 MPH)
Batting: RHB Jonathan Sotelo 0-0: Called Strike
0-1: Ball
1-1: SINGLE (Line Drive, 9S, EV 105.0 MPH)
Batting: LHB Kwang-chih Men 0-0: Ball
1-0: Foul Ball, location: 2F
1-1: Ball
2-1: Foul Ball, location: 2F
2-2: Foul Ball, location: 2F
2-2: Strikes out swinging
Top of the 1st over - 0 runs, 1 hit, 0 errors, 1 left on base; Eugene 0 - Brooklyn 0
BOTTOM OF THE 1ST
Brooklyn Cyclones batting - Pitching for Eugene Emeralds : RHP Mark Duffy
Pitching: RHP Mark Duffy
Batting: RHB Tony Oria 0-0: Called Strike
0-1: Fly out, F8 (Flyball, 8LM, EV 81.9 MPH)
Batting: RHB Hyeok Kim 0-0: Called Strike
0-1: SINGLE (Groundball, 6MD, EV 93.8 MPH)
Batting: LHB Kodai Furuki 0-0: Ball
1-0: Ball
Hyeok Kim steals 2nd base (no throw)
2-0: Ball
3-0: Base on Balls
Batting: LHB Adam Barry 0-0: Called Strike
0-1: Swinging Strike
0-2: Strikes out looking
Batting: SHB Julio Ramos 0-0: Ball
1-0: Ball
2-0: Ball
3-0: Called Strike
3-1: Ground out 6-3 (Groundball, 4MS, EV 84.4 MPH)
Bottom of the 1st over - 0 runs, 1 hit, 0 errors, 2 left on base; Eugene 0 - Brooklyn 0
TOP OF THE 2ND
Eugene Emeralds batting - Pitching for Brooklyn Cyclones : LHP Mike Capers
Batting: LHB Mark Huey 0-0: Fly out, F7 (Flyball, 7S, EV 93.1 MPH)
Batting: RHB Frank McArdle 0-0: Called Strike
0-1: Ball
1-1: Ball
2-1: Foul Ball, location: 2F
2-2: Ground out 5-3 (Groundball, 5, EV 81.3 MPH)
Batting: RHB Brian Gargis 0-0: Foul Ball, location: 2F
0-1: Ball
1-1: DOUBLE (Line Drive, 7LS, EV 113.1 MPH)
Batting: SHB Bob Hamilton 0-0: Called Strike
0-1: Swinging Strike
0-2: Foul Ball, location: 2F
0-2: Ball
1-2: Ball
2-2: Foul Ball, location: 2F
2-2: Ball
3-2: Strikes out swinging
Top of the 2nd over - 0 runs, 1 hit, 0 errors, 1 left on base; Eugene 0 - Brooklyn 0
BOTTOM OF THE 2ND
Brooklyn Cyclones batting - Pitching for Eugene Emeralds : RHP Mark Duffy
Batting: RHB Leo Roman 0-0: Ball
1-0: Foul Ball, location: 2F
1-1: Swinging Strike
1-2: Ball
2-2: Strikes out swinging
Batting: RHB Chris Nelson 0-0: Ball
1-0: Foul Ball, location: 2F
1-1: Fly out, F8 (Line Drive, 8RD, EV 91.3 MPH)
Batting: RHB Mario Trujillo 0-0: Fly out, F8 (Flyball, 89M, EV 88.1 MPH)
Bottom of the 2nd over - 0 runs, 0 hits, 0 errors, 0 left on base; Eugene 0 - Brooklyn 0
TOP OF THE 3RD
Eugene Emeralds batting - Pitching for Brooklyn Cyclones : LHP Mike Capers
Batting: RHB Jonathan Ridgely 0-0: Called Strike
0-1: Called Strike
0-2: Strikes out swinging
Batting: RHB Garrett Granata 0-0: Fly out, F8 (Flyball, 8LD, EV 92.5 MPH)
Batting: RHB Chris Slama 0-0: Called Strike
0-1: Ball
1-1: Foul Ball, location: 2F
1-2: Foul Ball, location: 2F
1-2: Ball
2-2: Strikes out swinging
Top of the 3rd over - 0 runs, 0 hits, 0 errors, 0 left on base; Eugene 0 - Brooklyn 0
BOTTOM OF THE 3RD
Brooklyn Cyclones batting - Pitching for Eugene Emeralds : RHP Mark Duffy
Batting: LHB Manny Caldera 0-0: Fly out, F7 (Flyball, 7D, EV 96.3 MPH)
Batting: RHB Tony Oria 0-0: Ground out 5-3 (Groundball, 56, EV 85.6 MPH)
Batting: RHB Hyeok Kim 0-0: Ball
1-0: Swinging Strike
1-1: Foul Ball, location: 2F
1-2: SINGLE (Groundball, 56S, EV 64.4 MPH) (infield hit)
Batting: LHB Kodai Furuki 0-0: Called Strike
Hyeok Kim steals 2nd base
0-1: Ball
1-1: Ball
2-1: Foul Ball, location: 2F
2-2: Foul Ball, location: 2F
2-2: Fly out, F5 (Popup, 5S, EV 75.6 MPH)
Bottom of the 3rd over - 0 runs, 1 hit, 0 errors, 1 left on base; Eugene 0 - Brooklyn 0
TOP OF THE 4TH
Eugene Emeralds batting - Pitching for Brooklyn Cyclones : LHP Mike Capers
Batting: RHB Jonathan Sotelo 0-0: Ball
1-0: Called Strike
1-1: Ground out 4-3 (Groundball, 4, EV 79.4 MPH)
Batting: LHB Kwang-chih Men 0-0: Foul Ball, location: 2F
0-1: Swinging Strike
0-2: Ball
1-2: Foul Ball, location: 2F
1-2: Ball
2-2: Strikes out swinging
Batting: LHB Mark Huey 0-0: Ball
1-0: Swinging Strike
1-1: Fly out, F8 (Line Drive, 8RD, EV 92.5 MPH)
Top of the 4th over - 0 runs, 0 hits, 0 errors, 0 left on base; Eugene 0 - Brooklyn 0
BOTTOM OF THE 4TH
Brooklyn Cyclones batting - Pitching for Eugene Emeralds : RHP Mark Duffy
Batting: LHB Adam Barry 0-0: Reached on error, E5 (Groundball, 56, EV 87.5 MPH)
Batting: SHB Julio Ramos 0-0: Called Strike
0-1: Ball
1-1: Ball
2-1: Ball
3-1: Called Strike
3-2: Fly out, F7 (Flyball, 78XD, EV 103.1 MPH)
Runner from 2nd tags up, SAFE at 3rd, no throw by LF
Batting: RHB Leo Roman 0-0: Ball
1-0: Called Strike
1-1: Foul Ball, location: 2F
1-2: Ball
2-2: Foul Ball, location: 2F
2-2: Ball
3-2: Base on Balls
Batting: RHB Chris Nelson 0-0: Hit by Pitch
Leo Roman to second
Batting: RHB Mario Trujillo 0-0: Foul Ball, location: 2F
0-1: Called Strike
0-2: Ball
1-2: Ball
2-2: Strikes out swinging
Batting: LHB Manny Caldera 0-0: Called Strike
0-1: Foul Ball, location: 2F
0-2: Ball
1-2: Ball
2-2: Foul Ball, location: 2F
2-2: Strikes out looking
Bottom of the 4th over - 0 runs, 0 hits, 1 error, 3 left on base; Eugene 0 - Brooklyn 0
TOP OF THE 5TH
Eugene Emeralds batting - Pitching for Brooklyn Cyclones : LHP Mike Capers
Batting: RHB Frank McArdle 0-0: Ball
1-0: Ball
2-0: Called Strike
2-1: Foul Ball, location: 2F
2-2: Foul Ball, location: 2F
2-2: Ground out 5-3 (Groundball, 56S, EV 91.3 MPH)
Batting: RHB Brian Gargis 0-0: Called Strike
0-1: Ball
1-1: Fly out, F7 (Flyball, 78S, EV 73.1 MPH)
Batting: SHB Bob Hamilton 0-0: Called Strike
0-1: Ground out U3 (Groundball, 34, EV 88.8 MPH)
Top of the 5th over - 0 runs, 0 hits, 0 errors, 0 left on base; Eugene 0 - Brooklyn 0
BOTTOM OF THE 5TH
Brooklyn Cyclones batting - Pitching for Eugene Emeralds : RHP Mark Duffy
Batting: RHB Tony Oria 0-0: Called Strike
0-1: Called Strike
0-2: Foul Ball, location: 2F
0-2: Ball
1-2: Strikes out swinging
Batting: RHB Hyeok Kim 0-0: Ball
1-0: Ball
2-0: Fly out, F8 (Flyball, 8LM, EV 81.9 MPH)
Batting: LHB Kodai Furuki 0-0: Swinging Strike
0-1: Called Strike
0-2: Ball
1-2: Strikes out looking
Bottom of the 5th over - 0 runs, 0 hits, 0 errors, 0 left on base; Eugene 0 - Brooklyn 0
TOP OF THE 6TH
Eugene Emeralds batting - Pitching for Brooklyn Cyclones : LHP Mike Capers
Batting: RHB Jonathan Ridgely 0-0: Ball
1-0: Foul Ball, location: 2F
1-1: Ball
2-1: Ball
3-1: Base on Balls
Batting: RHB Garrett Granata 0-0: Foul Ball, location: 2F
0-1: Swinging Strike
0-2: Ball
Wild Pitch!
Jonathan Ridgely to second
1-2: Foul Ball, location: 2F
1-2: Ball
2-2: Ball
3-2: Base on Balls
Batting: RHB Chris Slama 0-0: Ball
1-0: Swinging Strike
1-1: Grounds into double play, 6-4-3 (Groundball, 6M, EV 85.6 MPH)
Jonathan Ridgely to third
Batting: RHB Jonathan Sotelo 0-0: Called Strike
0-1: Ground out 2-3 (Groundball, 13S, EV 62.5 MPH)
Top of the 6th over - 0 runs, 0 hits, 0 errors, 1 left on base; Eugene 0 - Brooklyn 0
BOTTOM OF THE 6TH
Brooklyn Cyclones batting - Pitching for Eugene Emeralds : RHP Mark Duffy
Pitching: LHP Oscar Stolarski
Batting: LHB Adam Barry 0-0: Ball
1-0: Called Strike
1-1: Ball
2-1: Foul Ball, location: 2F
2-2: Ball
3-2: Base on Balls
Batting: SHB Julio Ramos 0-0: Fly out, F8 (Flyball, 8LD, EV 98.8 MPH)
Batting: RHB Leo Roman Pickoff Throw to First - Out! 1-3
0-0: Called Strike
0-1: Ball
1-1: Swinging Strike
1-2: Foul Ball, location: 2F
1-2: Strikes out swinging
Bottom of the 6th over - 0 runs, 0 hits, 0 errors, 0 left on base; Eugene 0 - Brooklyn 0
TOP OF THE 7TH
Eugene Emeralds batting - Pitching for Brooklyn Cyclones : LHP Mike Capers
Batting: LHB Kwang-chih Men 0-0: Ball
1-0: Foul Ball, location: 2F
1-1: Foul Ball, location: 2F
1-2: Ball
2-2: Ground out 1-3 (Groundball, 15S, EV 61.9 MPH)
Batting: LHB Mark Huey 0-0: Called Strike
0-1: Ball
1-1: Fly out, F9 (Line Drive, 9, EV 97.5 MPH)
Batting: RHB Frank McArdle 0-0: Called Strike
0-1: Ball
1-1: SINGLE (Line Drive, 9S, EV 97.5 MPH)
Batting: RHB Brian Gargis 0-0: Ball
1-0: Ball
2-0: Called Strike
2-1: SINGLE (Groundball, 34S, EV 68.1 MPH) (infield hit)
Frank McArdle to second
Batting: SHB Bob Hamilton 0-0: Ball
1-0: Ball
Wild Pitch!
Frank McArdle to third
Brian Gargis to second
2-0: Called Strike
2-1: Ground out 5-3 (Groundball, 56S, EV 88.1 MPH)
Top of the 7th over - 0 runs, 2 hits, 0 errors, 2 left on base; Eugene 0 - Brooklyn 0
BOTTOM OF THE 7TH
Brooklyn Cyclones batting - Pitching for Eugene Emeralds : LHP Oscar Stolarski
Batting: RHB Chris Nelson 0-0: Called Strike
0-1: SINGLE (Line Drive, 3D, EV 100.0 MPH)
Pitching: LHP Colin Scott
Batting: RHB Mario Trujillo 0-0: Sac Bunt to 13 - play at first, batter OUT! 1-4
Chris Nelson to second
Pinch Hitting: RHB Allen Wozniak 0-0: Called Strike
0-1: Ball
1-1: Ball
2-1: Foul Ball, location: 2F
2-2: Ground out 4-3 (Groundball, P, EV 93.8 MPH)
Chris Nelson to third
Batting: RHB Tony Oria 0-0: Called Strike
0-1: Ball
1-1: Ball
2-1: Swinging Strike
2-2: Strikes out swinging
Bottom of the 7th over - 0 runs, 1 hit, 0 errors, 1 left on base; Eugene 0 - Brooklyn 0
TOP OF THE 8TH
Eugene Emeralds batting - Pitching for Brooklyn Cyclones : LHP Mike Capers
Pitching: RHP Leo Burgos
Now at 2B: Allen Wozniak
Now at SS: Hyeok Kim
Batting: RHB Jonathan Ridgely 0-0: Ball
1-0: Ball
2-0: Called Strike
2-1: Fly out, F9 (Flyball, 9LM, EV 90.0 MPH)
Batting: RHB Garrett Granata 0-0: Ball
1-0: Foul Ball, location: 2F
1-1: Ball
2-1: Called Strike
2-2: Strikes out swinging
Batting: RHB Chris Slama 0-0: Ground out U3 (Groundball, 34, EV 81.3 MPH)
Top of the 8th over - 0 runs, 0 hits, 0 errors, 0 left on base; Eugene 0 - Brooklyn 0
BOTTOM OF THE 8TH
Brooklyn Cyclones batting - Pitching for Eugene Emeralds : LHP Colin Scott
Batting: RHB Hyeok Kim 0-0: Called Strike
0-1: Ball
1-1: Foul Ball, location: 2F
1-2: Strikes out swinging
Batting: LHB Kodai Furuki 0-0: Reached on error, E6 (Groundball, 4, EV 81.3 MPH)
Batting: LHB Adam Barry 0-0: Foul Ball, location: 2F
0-1: SINGLE (Groundball, 3D, EV 104.4 MPH)
Kodai Furuki to third
Batting: SHB Julio Ramos 0-0: Swinging Strike
0-1: Called Strike
0-2: Ball
1-2: Ball
2-2: Strikes out swinging
Batting: RHB Leo Roman 0-0: Ball
1-0: Ball
2-0: Called Strike
2-1: Foul Ball, location: 2F
2-2: Fly out, F9 (Flyball, 9LD, EV 92.5 MPH)
Bottom of the 8th over - 0 runs, 1 hit, 1 error, 2 left on base; Eugene 0 - Brooklyn 0
TOP OF THE 9TH
Eugene Emeralds batting - Pitching for Brooklyn Cyclones : RHP Leo Burgos
Pitching: LHP Jose Diaz
Batting: RHB Jonathan Sotelo 0-0: Foul Ball, location: 2F
0-1: Called Strike
0-2: Foul Ball, location: 2F
0-2: Strikes out swinging
Batting: LHB Kwang-chih Men 0-0: Ball
1-0: Foul Ball, location: 2F
1-1: Ball
2-1: Ground out 4-3 (Groundball, 4, EV 90.0 MPH)
Batting: RHB Ryan Walker 0-0: Foul Ball, location: 2F
0-1: Ball
1-1: Swinging Strike
1-2: Strikes out swinging
Top of the 9th over - 0 runs, 0 hits, 0 errors, 0 left on base; Eugene 0 - Brooklyn 0
BOTTOM OF THE 9TH
Brooklyn Cyclones batting - Pitching for Eugene Emeralds : LHP Colin Scott
Pitching: RHP Miles Edwards
Batting: RHB Chris Nelson 0-0: Called Strike
0-1: Called Strike
0-2: DOUBLE (Line Drive, 7LM, EV 110.6 MPH)
Pinch Hitting: LHB Victor Ferrermena 0-0: Intentional Walk
Batting: RHB Allen Wozniak 0-0: Bunted foul
0-1: Ball
1-1: Ball
2-1: Bunt missed!
2-2: 3-RUN HOME RUN (Flyball, 7LD, EV 90.6 MPH), Distance : 344 ft
Bottom of the 9th over - 3 runs, 2 hits, 0 errors, 0 left on base; Eugene 0 - Brooklyn 3
Game Over ... Brooklyn defeats Eugene, 3 to 0
Thursday, March 31st , 2022 - OOTP Baseball 22.12 Build 89